 Dungeon Crawl Stone Soup version 0.21.1-1-g345015f (webtiles) character file.

756508 Daunt the Slayer (level 27, -10/266 HPs)
             Began as a Ghoul Fighter on Apr 30, 2018.
             Was a Follower of Uskayaw.
             Killed from afar by a Brimstone Fiend (41 damage)
             ... with damnation
             ... on level 7 of Gehenna on May 2, 2018.
             The game lasted 10:58:46 (88035 turns).

Daunt the Slayer (Ghoul Fighter)                   Turns: 88035, Time: 10:58:48

Health: -10/266    AC: 51    Str: 27      XL:     27
Magic:  37/37      EV:  9    Int: 12      God:    Uskayaw [*.....]
Gold:   7484       SH: 27    Dex:  9 (10) Spells: 42/42 levels left

rFire    + + +     SeeInvis +   a - +9 quick blade (elec)
rCold    + + +     Gourm    .   S - +2 large shield {rF+}
rNeg     + + +     Faith    +   P - +12 gold dragon scales
rPois    ∞         Spirit   .   s - +3 crown of Dyrovepreva {rElec Int+2 SInv}
rElec    +         Reflect  .   G - +2 cloak of the Thief {+Fog Slay-2 SInv Stlth+}
rCorr    .         Harm     .   O - +1 pair of gloves {Str+3}
MR       +++..                  Z - +0 pair of boots {Fly}
Stlth    +.........             q - amulet of faith
HPRegen  0.00/turn              I - ring of Velam {+Fly rF+ rC+ rN+ MR+}
MPRegen  0.25/turn              p - +6 ring of protection

@: flying, rotting
A: rotting body, claws 1, carnivore, cold resistance 1, negative energy
resistance 3, inhibited regeneration, torment resistance, unbreathing
}: 5/15 runes: decaying, serpentine, slimy, silver, abyssal
a: Stomp, Renounce Religion, Evoke Fog, Stop Flying


You were on level 7 of Gehenna.
You worshipped Uskayaw.
Uskayaw was greatly pleased with you.
You were not hungry.

You visited 13 branches of the dungeon, and saw 61 of its levels.
You visited the Abyss 6 times.
You also visited: Labyrinth, Ice Cave and Volcano.

You collected 9181 gold pieces.
You spent 1697 gold pieces at shops.

Inventory:

Hand Weapons
 a - a +9 quick blade of electrocution (weapon)
Missiles
 i - 674 stones (quivered)
Armour
 s - the +3 crown of Dyrovepreva (worn) {rElec Int+2 SInv}
   (You found it in an ice cave)

   It affects your intelligence (+2).
   It insulates you from electricity.
   It lets you see invisible.
 A - a scarf of repulsion
 G - the +2 cloak of the Thief (worn) {+Fog Slay-2 SInv Stlth+}
   (You bought it in a shop on level 5 of the Vaults)

   It affects your accuracy and damage with ranged weapons and melee attacks
   (-2).
   It lets you see invisible.
   It makes you more stealthy.
 O - a +1 pair of gloves of strength (worn)
 P - +12 gold dragon scales (worn)
 S - a +2 large shield of fire resistance (worn)
 U - a scarf of spirit shield
 Z - a +0 pair of boots of flying (worn)
Jewellery
 p - a +6 ring of protection (right hand)
 q - an amulet of faith (around neck)
 I - the ring of Velam (left hand) {+Fly rF+ rC+ rN+ MR+}
   (You found it on level 6 of the Lair of Beasts)

   [ring of protection from fire]

   It protects you from fire.
   It protects you from cold.
   It protects you from negative energy.
   It affects your resistance to hostile enchantments.
   It lets you fly.
Wands
 c - a wand of clouds (13)
 h - a wand of flame (160)
 y - a wand of iceblast (40)
 K - a wand of scattershot (2)
 L - a wand of acid (6)
 M - a wand of polymorph (89)
 N - a wand of disintegration (29)
 W - a wand of paralysis (87)
 X - a wand of enslavement (44)
Scrolls
 l - 4 scrolls of blinking
 n - 19 scrolls of teleportation
 o - 28 scrolls of remove curse
 r - 8 scrolls of fog
 u - a scroll of enchant weapon
 v - 32 scrolls of identify
 x - 8 scrolls of magic mapping
 D - a scroll of silence
 E - a scroll of summoning
 F - a scroll of holy word
 H - 4 scrolls of fear
Potions
 d - 10 potions of might
 e - 6 potions of resistance
 g - 6 potions of agility
 j - 14 potions of curing
 k - 4 potions of ambrosia
 t - 16 potions of heal wounds
 w - 2 potions of cancellation
 z - 11 potions of brilliance
 Q - a potion of magic
 V - 6 potions of haste
Miscellaneous
 b - a fan of gales
 m - the horn of Geryon
 B - 2 sacks of spiders
 R - a lamp of fire
 T - 5 phantom mirrors
 Y - 5 boxes of beasts
Comestibles
 f - 67 rations


   Skills:
 - Level 25.0 Fighting
 - Level 11.7 Short Blades
   Level 12.1 Polearms
 - Level 18.0 Armour
 - Level 9.0 Dodging
 - Level 21.0 Stealth
 - Level 23.0 Shields
 - Level 8.0 Spellcasting
 + Level 22.9 Invocations
 - Level 7.0 Evocations


You had 42 spell levels left.
You didn't know any spells.

Dungeon Overview and Level Annotations

Branches:
Dungeon (15/15)            Temple (1/1) D:5            Lair (6/6) D:8
  Swamp (4/4) Lair:4        Snake (4/4) Lair:2        Slime (5/5) Lair:6
    Orc (2/2) D:12            Elf (3/3) Orc:2        Vaults (5/5) D:13
  Crypt (3/3) Vaults:3       Tomb (0/3) Crypt:3      Depths (5/5) D:15
   Hell (1/1)                 Dis (0/7) Hell            Geh (7/7) Hell
    Coc (0/7) Hell            Tar (0/7) Hell            Zot (0/5) Depths:5

Altars:
Ashenzari
Cheibriados
Fedhas
Gozag
Kikubaaqudgha
Makhleb
Nemelex Xobeh
Ru
Sif Muna
Trog
Uskayaw
Vehumet
Wu Jian
Xom
Zin
The Shining One
Lugonu

Shops:
Orc:2 %}??   Snake:3 }   Vaults:1 :   Vaults:3 [   Vaults:5 =?[(??*?
Depths:1 (*   Depths:5 =}}

Portals:
Hell: Depths:1 Depths:2 Depths:3 Depths:4 Depths:5
Abyss: Depths:2 Depths:4
Pandemonium: Depths:3 Depths:4
Ziggurat: Depths:2

Annotations:
Slime:5 corrupted
Crypt:3 return with digging
Depths:5 corrupted
Geh:7 Asmodeus


Innate Abilities, Weirdness & Mutations

Your body is rotting away.
You thrive on raw meat.
You are immune to poison.
You have sharp fingernails.
You are carnivorous and can eat meat at any time.
Your flesh is cold resistant. (rC+)
You are immune to negative energy. (rN+++)
You do not regenerate when monsters are visible.
You are immune to unholy pain and torment.
You can survive without breathing.


Message History

You feel strangely unstable.
Eat a chunk of flesh? (ye/n/q)
You eat the chunk of flesh.
You feel more resilient.
This raw flesh tastes great!
The Brimstone Fiend gestures at you.
The sphere of damnation explodes!
The damnation engulfs the Brimstone Fiend.
The Brimstone Fiend completely resists.
The damnation engulfs you!
* * * LOW HITPOINT WARNING * * *
The damnation engulfs the Brimstone Fiend.
The Brimstone Fiend completely resists.
You block the Brimstone Fiend's attack. x2
The Brimstone Fiend hits you but does no damage.
You feel much better.
Your surroundings suddenly seem different.
The Brimstone Fiend gestures at you.
The sphere of damnation explodes!
The damnation engulfs you!
* * * LOW HITPOINT WARNING * * *
The Brimstone Fiend gestures at you.
The sphere of damnation explodes!
The damnation engulfs you!
You die...

#...# ≈
#..#..
#.1.#
#..#..
#..1#
#..#..
#...###
##..#..
......#
#...#8.
...#...#
#...##.
#..###..#
#...)).
#...#...#
#...##.
#.....@.#
#...#8.
###...###
##..#..
#...
#..#..
#...
#..#..
#...
#..#..
##'#
#..#.. ..
####'###
..
#...)..#
§
#......#


You could see 2 Brimstone Fiends.

Vanquished Creatures
  the Royal Jelly (Slime:5)
  6 ancient liches
  4 juggernauts (Depths:4)
  Sojobo (Crypt:3)
  the Lernaean hydra (Swamp:3)
  Vashnia (Snake:2)
  Geryon (Hell)
  2 golden dragons
  the Enchantress (Depths:1)
  2 bone dragons
  8 Brimstone Fiends
  2 hellephants
  6 tentacled monstrosities
  Rupert (D:14)
  A Hell Sentinel (Geh:1)
  2 deep elf blademasters (Elf:3)
  7 liches
  8 titans
  A deep elf master archer (Elf:3)
  3 ancient champions
  5 quicksilver dragons
  34 acid blobs
  An eldritch tentacle (Geh:7)
  3 sphinxes
  Agnes (D:14)
  8 tengu reavers
  2 thorn hunters (Swamp:4)
  Kirke (Snake:3)
  13 shadow dragons
  8 tentacled starspawn
  A revenant (Crypt:3)
  A draconian monk (Depths:5)
  10 storm dragons
  Donald (Elf:1)
  15 fire giants
  14 nagarajas
  The ghost of Neveragain the Executioner, a journeyman MiBe of Trog (Swamp:1)
  11 frost giants
  11 azure jellies
  2 orc warlords
  5 iron dragons
  13 vault wardens
  A curse skull (Crypt:2)
  2 cacodemons
  7 deep elf sorcerers
  17 balrugs
  A draconian scorcher (Depths:5)
  A caustic shrike zombie (Depths:5)
  The ghost of Chimkentus the Covert, an adept SpEn of Nemelex Xobeh (Depths:1)
  15 ironheart preservers
  18 reapers
  4 deep elf elementalists
  A draconian stormcaller (Abyss:5)
  29 very ugly things
  6 war gargoyles
  A juggernaut skeleton (Depths:5)
  24 stone giants
  6 spriggan defenders
  7 vampire knights
  3 white draconians
  Nessos (Lair:6)
  16 deep elf annihilators
  A lorocyproca (Abyss:5)
  2 entropy weavers
  5 deep elf demonologists
  A purple draconian (Depths:5)
  6 dire elephants
  A black draconian (Depths:5)
  A merfolk javelineer (Depths:5)
  2 red draconians (Depths:5)
  7 spark wasps (Depths:4)
  A merfolk impaler (Depths:4)
  13 eidola
  A crystal guardian (Vaults:4)
  5 blizzard demons
  21 deep elf death magi
  A mummy priest (Crypt:3)
  4 death oozes (Slime:5)
  A minotaur (Lab)
  3 quicksilver dragon zombies
  5 jiangshi (Crypt:1)
  9 ettins
  7 fire dragons
  Josephine (D:14)
  26 vault guards
  23 yaktaur captains
  15 great orbs of eyes
  6 quicksilver dragon skeletons
  7 rakshasas
  8 deep elf high priests
  22 naga warriors
  9 centaur warriors
  9 spriggan air magi
  A catoblepas (Lair:3)
  9 ice dragons
  3 ghost crabs
  21 hydras
  4 death knights
  A hell beast (Depths:3)
  57 two-headed ogres
  18 ogre magi
  12 alligators
  27 hell hogs
  12 anacondas
  3 deep troll earth magi (Depths:4)
  25 dancing weapons
  5 tengu warriors
  20 thrashing horrors
  4 deep troll shamans
  2 vampire magi (Crypt:1)
  2 orc high priests
  5 spriggan berserkers
  Urug (D:11)
  7 shock serpents
  2 storm dragon zombies
  22 sun demons
  8 soul eaters
  2 death yaks (Lair:6)
  44 hell knights
  22 deep elf knights
  Nergalle (Lair:4)
  19 naga sharpshooters
  4 titan zombies
  3 salamander mystics (Snake:4)
  2 fire crabs (shapeshifter)
  3 golden dragon zombies
  A fire crab (Lair:6)
  2 iron golems (Hell)
  3 storm dragon skeletons
  A titan skeleton (Crypt:3)
  42 skeletal warriors
  A sixfirhy (Depths:3)
  31 deep trolls
  A ghost moth zombie (Crypt:3)
  2 spatial maelstroms (Abyss:5)
  18 wretched stars
  3 shadow wraiths
  4 unseen horrors
  4 glowing orange brains
  2 sea snakes (Snake:4)
  A spark wasp zombie (Depths:3)
  A swamp dragon (shapeshifter) (Depths:4)
  10 flayed ghosts
  4 anaconda zombies
  A gelid demonspawn (Depths:3)
  4 iron trolls
  11 swamp dragons
  11 naga ritualists
  3 spriggan druids (Swamp:3)
  2 anaconda skeletons
  2 obsidian statues (Depths:4)
  An orange crystal statue (Depths:4)
  3 wizards
  2 shadow dragon zombies
  17 deep elf archers
  A wolf spider zombie (Crypt:3)
  A shambling mangrove (Swamp:1)
  13 ironbrand convokers
  28 necromancers
  83 deep elf magi
  2 harpies (shapeshifter)
  9 harpies
  13 orc knights
  42 ugly things
  15 phantasmal warriors
  A sphinx zombie (Depths:3)
  2 frost giant zombies
  7 fire giant zombies
  6 shining eyes
  4 golden dragon skeletons
  A manticore (D:15)
  6 wolf spiders
  10 cyclopes
  An orb spider (shapeshifter) (Depths:4)
  6 orc sorcerers
  11 mana vipers
  2 stone giant zombies
  14 salamanders
  A salamander (shapeshifter) (Vaults:3)
  A faun (shapeshifter) (Vaults:4)
  2 iron dragon zombies
  4 shadow dragon skeletons
  An oklob plant (Lair:1)
  13 elephants
  A moth of wrath (shapeshifter) (Elf:3)
  4 fire giant skeletons
  4 stone giant skeletons
  4 worldbinders
  2 centaur zombies
  10 guardian serpents
  An iron dragon skeleton (Geh:6)
  Joseph (Abyss:1)
  20 naga magi
  42 black mambas
  6 frost giant skeletons
  3 ice statues (IceCv)
  9 apocalypse crabs
  2 dire elephant zombies
  An elf zombie (Depths:5)
  3 molten gargoyles
  21 spiny frogs
  A torpor snail (Lair:6)
  15 vault sentinels
  An emperor scorpion zombie (Geh:7)
  3 smoke demons
  6 eyes of devastation
  11 rust devils
  A black mamba (shapeshifter) (Vaults:2)
  A spiny frog (shapeshifter) (Vaults:4)
  2 gargoyles
  5 orange demons
  18 efreet
  12 hellions
  15 freezing wraiths
  6 centaur skeletons
  A kobold demonologist (D:8)
  58 yaktaurs
  A rime drake (Lair:6)
  4 dire elephant skeletons
  9 tormentors
  6 komodo dragons
  A grey draconian skeleton (Crypt:1)
  15 hellwings
  29 red devils
  An entropy weaver simulacrum (Vaults:1)
  3 guardian mummies (Crypt:3)
  17 ice devils
  2 catoblepas skeletons (Crypt:3)
  A black draconian skeleton (Geh:1)
  A red draconian skeleton (Crypt:2)
  2 tengu conjurers
  5 meliai (Abyss:3)
  A sea snake skeleton (Crypt:1)
  A jumping spider (shapeshifter) (Vaults:2)
  A harpy zombie (Geh:6)
  A queen bee (Abyss:3)
  12 ancient zymes
  6 hydra zombies
  2 polar bears
  A tengu simulacrum (Vaults:1)
  2 wind drakes (Abyss:5)
  2 polar bears (shapeshifter)
  7 hydra skeletons
  15 trolls
  5 dream sheep (Lair:5)
  A bog body (Swamp:1)
  6 raiju
  16 blink frogs
  2 harpy skeletons
  5 tyrant leeches
  16 hornets
  A deep troll zombie (D:15)
  A dream sheep (shapeshifter) (Vaults:5)
  3 ettin zombies
  An ice dragon zombie (Crypt:3)
  153 slime creatures
  5 fire dragon zombies
  2 alligator zombies
  A fire giant simulacrum (Crypt:1)
  2 human simulacra (Vaults:1)
  10 hippogriffs
  34 flying skulls
  2 fire dragon skeletons
  14 spriggans
  A spriggan (shapeshifter) (Vaults:4)
  2 black mamba zombies
  8 air elementals
  6 wyverns
  4 ettin skeletons
  An alligator skeleton (Crypt:1)
  14 shadows
  6 redbacks
  2 ice dragon skeletons
  2 tarantellas (shapeshifter)
  3 ynoxinuls
  A black mamba skeleton (Crypt:3)
  20 water elementals
  35 fire elementals
  2 hogs
  20 golden eyes
  A human (shapeshifter) (Vaults:4)
  33 wraiths
  5 hungry ghosts
  8 fire bats
  5 basilisks
  A basilisk (shapeshifter) (Vaults:5)
  35 yaks
  6 chaos spawn
  2 spatial vortices (Abyss:5)
  A harpy simulacrum (Crypt:1)
  4 wargs
  8 vampire mosquitoes
  83 nagas
  11 insubstantial wisps
  4 neqoxecs
  A soldier ant (D:12)
  42 large abominations
  14 swamp worms
  A spiny frog zombie (Hell)
  9 water moccasins
  11 hell hounds
  10 porcupines
  2 deep troll skeletons
  A floating eye (Slime:5)
  A merfolk skeleton (Geh:1)
  A porcupine (shapeshifter) (Abyss:5)
  A black bear (D:10)
  14 swamp drakes
  34 orc warriors
  4 sky beasts
  9 eyes of draining
  An ice beast (D:8)
  2 manticore zombies
  7 necrophages
  An ettin simulacrum (Vaults:1)
  6 phantoms
  A snapping turtle skeleton (Geh:6)
  3 snapping turtle zombies
  5 wolves
  3 boggarts (Depths:4)
  64 ogres
  An ice dragon simulacrum (Abyss:5)
  A torpor snail zombie (Crypt:2)
  13 centaurs
  A manticore skeleton (Geh:6)
  13 crocodiles
  2 elf skeletons
  16 big kobolds
  17 bullfrogs
  A bullfrog (shapeshifter) (Depths:4)
  An earth elemental (Abyss:5)
  A gnoll sergeant (D:8)
  8 human skeletons
  A wyvern zombie (D:10)
  A glowing shapeshifter simulacrum (Depths:3)
  9 wyvern skeletons
  A cyclops skeleton (Crypt:1)
  28 wights
  4 scorpions
  2 troll zombies
  13 killer bees
  An electric eel (Lair:1)
  6 howler monkeys
  3 vampire bats
  A yaktaur simulacrum (Vaults:1)
  10 crimson imps
  2 bullfrog zombies
  A draconian simulacrum (IceCv)
  11 quasits
  43 starcursed masses
  A demonspawn zombie (Crypt:2)
  8 lava snakes
  2 human zombies
  24 orc priests
  A basilisk zombie (Crypt:1)
  28 orc wizards
  4 hounds
  8 jellies
  Crazy Yiuf (D:7)
  3 bullfrog skeletons
  5 iguanas
  Terence (D:2)
  6 hell rats (Hell)
  10 worker ants
  A troll simulacrum (IceCv)
  22 small abominations
  2 spriggan simulacra (IceCv)
  A naga zombie (Geh:1)
  A crocodile zombie (Crypt:2)
  A felid zombie (Crypt:2)
  3 centaur simulacra (IceCv)
  A hound zombie (D:11)
  2 hound skeletons
  A worker ant zombie (D:11)
  7 gnolls
  2 howler monkey skeletons
  16 adders
  A naga simulacrum (IceCv)
  2 ogre simulacra (IceCv)
  7 shadow imps
  A white imp (Depths:3)
  An ufetubus (Depths:3)
  9 oozes (D:2)
  A worm zombie (Crypt:2)
  3 worms
  A dart slug (D:1)
  5 leopard geckos
  123 orcs
  4 ball pythons
  13 bats
  6 giant cockroaches
  9 goblins
  8 hobgoblins
  7 quokkas
  7 frilled lizards
  31 kobolds
  A kobold skeleton (Geh:6)
  A leopard gecko zombie (D:8)
  An orc zombie (Geh:1)
  A quokka zombie (Crypt:1)
  7 rats
  A river rat skeleton (Crypt:1)
  5 butterflies (Abyss:5)
  A crawling corpse (Elf:3)
  2 fire vortices (Geh:1)
  A fungus (Lair:6)
  A plant (Lair:6)
  7 starspawn tentacles
3405 creatures vanquished.

Vanquished Creatures (others)
  An ancient lich (Depths:5)
  A lich (Vaults:5)
  An eldritch tentacle (Geh:7)
  2 acid blobs (Slime:5)
  A storm dragon (Depths:4)
  2 shadow dragons (Depths:5)
  2 vault wardens (Vaults:5)
  A stone giant (Orc:2)
  A green draconian (Depths:5)
  2 death oozes (Slime:5)
  2 ice dragons (Depths:4)
  A hydra (Swamp:3)
  An alligator (Swamp:1)
  A two-headed ogre (Orc:2)
  2 hell hogs
  A hell knight (Geh:1)
  A deep elf knight (Elf:2)
  A shadow wraith (Vaults:1)
  A spriggan druid (Swamp:4)
  A harpy (Vaults:3)
  A wizard (D:4)
  4 deep elf magi
  A molten gargoyle (Geh:7)
  A spiny frog (Lair:5)
  2 red devils
  4 slime creatures
  A flying skull (Abyss:5)
  A water elemental (Depths:2)
  A wraith (Geh:6)
  2 air elementals
  A golden eye (Slime:1)
  A neqoxec (Depths:4)
  A warg (Depths:1)
  A hell hound (Volcano)
  A spiny frog zombie (Geh:2)
  An orc warrior (Vaults:3)
  3 ogres
  A wight (Geh:7)
  A killer bee (Abyss:3)
  6 briar patches (Swamp:4)
  31 fungi
  65 plants
  19 starspawn tentacles
  5 toadstools (D:2)
  A withered plant (D:15)
182 creatures vanquished.

Grand Total: 3587 creatures vanquished

Notes
Turn   | Place    | Note
-------+----------+-------------------------------------------
     0 | D:1      | Daunt the Ghoul Fighter began the quest for the Orb.
     0 | D:1      | Reached XP level 1. HP: 19/19 MP: 0/0
   102 | D:1      | Reached XP level 2. HP: 25/26 MP: 1/1
   521 | D:2      | Reached XP level 3. HP: 24/31 MP: 2/2
   817 | D:2      | Reached XP level 4. HP: 36/38 MP: 3/3
  1038 | D:2      | Found a faded altar of an unknown god.
  1169 | D:2      | Became a worshipper of Lugonu the Unformed
  1169 | D:2      | Reached * piety under Lugonu
  1169 | D:2      | Reached ** piety under Lugonu
  1314 | D:2      | Noticed Terence
  1338 | D:2      | Killed Terence
  1347 | D:2      | Reached XP level 5. HP: 28/45 MP: 4/4
  1402 | D:2      | Reached skill level 5 in Short Blades
  1564 | D:3      | Reached XP level 6. HP: 48/51 MP: 5/5
  1719 | D:3      | Reached *** piety under Lugonu
  2368 | D:4      | Reached skill level 1 in Invocations
  2570 | D:4      | Found a bloodstained altar of Trog.
  2574 | D:4      | Noticed a wizard
  2579 | D:4      | Killed a wizard
  3002 | D:4      | Reached XP level 7. HP: 49/57 MP: 6/6
  3380 | D:5      | Entered Level 5 of the Dungeon
  3756 | D:5      | Reached skill level 4 in Fighting
  3756 | D:5      | Reached skill level 1 in Dodging
  4223 | D:5      | Found a staircase to the Ecumenical Temple.
  4631 | D:5      | Reached XP level 8. HP: 58/65 MP: 9/9
  4837 | D:5      | Found a snail-covered altar of Cheibriados.
  4886 | D:5      | Reached **** piety under Lugonu
  4934 | D:6      | Found a bloodstained altar of Trog.
  5408 | D:6      | Reached XP level 9. HP: 62/71 MP: 10/10
  5834 | D:7      | Reached ***** piety under Lugonu
  5987 | D:7      | Reached skill level 10 in Short Blades
  6137 | D:7      | Noticed Joseph
  6139 | D:7      | Banished Joseph
  6408 | D:7      | Found a runed door.
  6412 | D:7      | Noticed Crazy Yiuf
  6424 | D:7      | Killed Crazy Yiuf
  6609 | D:7      | Reached skill level 5 in Invocations
  6804 | D:8      | Found a radiant altar of Vehumet.
  6804 | D:8      | Found a sacrificial altar of Ru.
  6806 | D:8      | Found a glowing silver altar of Zin.
  6806 | D:8      | Found a deep blue altar of Sif Muna.
  6809 | D:8      | Found a sparkling altar of Nemelex Xobeh.
  6852 | D:8      | Noticed a kobold demonologist
  6889 | D:8      | Noticed a hellwing
  6898 | D:8      | Killed a kobold demonologist
  6898 | D:8      | Reached XP level 10. HP: 78/78 MP: 13/13
  7267 | D:8      | Found a staircase to the Lair.
  7873 | D:9      | Got an ancient spear
  8005 | D:9      | Identified the +11 spear of Incongruity {pierce, *Corrode Str+2 Stlth+} (You found it on level 9 of the Dungeon)
  8448 | D:10     | Entered Level 10 of the Dungeon
  8483 | D:10     | Reached skill level 1 in Polearms
  8800 | D:10     | Reached XP level 11. HP: 64/84 MP: 16/16
  8864 | D:10     | Reached ****** piety under Lugonu
 10232 | D:11     | Noticed Urug
 10241 | D:11     | Killed Urug
 10241 | D:11     | Reached skill level 10 in Invocations
 10308 | D:11     | Noticed a two-headed ogre
 10319 | D:11     | Killed a two-headed ogre
 10390 | D:11     | Noticed a two-headed ogre
 10403 | D:11     | Killed a two-headed ogre
 10458 | D:11     | Noticed a two-headed ogre
 10464 | D:11     | Killed a two-headed ogre
 10580 | D:11     | Noticed a two-headed ogre
 10594 | D:11     | Killed a two-headed ogre
 10594 | D:11     | Reached XP level 12. HP: 72/91 MP: 20/20
 11012 | D:12     | Noticed a two-headed ogre
 11062 | D:12     | Killed a two-headed ogre
 11196 | D:12     | Found a staircase to the Orcish Mines.
 11296 | D:12     | Found a labyrinth entrance.
 11323 | Lab      | Entered a labyrinth
 11601 | Lab      | Noticed a minotaur
 11607 | Lab      | Killed a minotaur
 11612 | Lab      | Got a crystal mace {crush}
 11893 | D:12     | Reached skill level 5 in Fighting
 12620 | D:13     | Noticed a centaur warrior
 12622 | D:13     | Reached skill level 5 in Armour
 12634 | D:13     | Killed a centaur warrior
 12673 | D:13     | Reached skill level 6 in Fighting
 12673 | D:13     | Reached skill level 5 in Shields
 12752 | D:13     | Reached XP level 13. HP: 102/102 MP: 22/22
 12991 | D:13     | Reached skill level 5 in Polearms
 13101 | Orc:1    | Entered Level 1 of the Orcish Mines
 13709 | D:12     | Reached skill level 7 in Fighting
 14171 | Orc:2    | Entered Level 2 of the Orcish Mines
 14409 | Orc:2    | Found a staircase to the Elven Halls.
 15179 | Orc:2    | Noticed a stone giant
 15196 | Orc:2    | Banished a stone giant
 15401 | Orc:2    | Reached skill level 8 in Fighting
 15554 | Orc:2    | Reached XP level 14. HP: 99/116 MP: 23/23
 15569 | Orc:2    | Found Vohor's Gadget Boutique.
 15666 | Orc:2    | Found Qed Heeff's Magic Scroll Shop.
 15671 | Orc:2    | Found Kadeos's Food Emporium.
 15680 | Orc:2    | Found Doepoej's Magic Scroll Boutique.
 15878 | Lair:1   | Entered Level 1 of the Lair of Beasts
 16124 | Lair:1   | Reached skill level 9 in Fighting
 16443 | Lair:2   | Found an opulent altar of Gozag.
 16934 | Lair:2   | Found a staircase to the Snake Pit.
 17749 | Lair:3   | Found a frozen archway.
 17787 | IceCv    | Entered an ice cave
 18533 | IceCv    | Found the +3 crown of Dyrovepreva {rElec Int+2 SInv}
 19363 | Lair:4   | Noticed Nergalle
 19377 | Lair:4   | Killed Nergalle
 19450 | Lair:4   | Found a staircase to the Swamp.
 19676 | Lair:5   | Found a dark tunnel.
 19687 | Volcano  | Entered a volcano
 19962 | Volcano  | Found a radiant altar of Vehumet.
 19995 | Volcano  | Found a bloodstained altar of Trog.
 20104 | Lair:5   | Reached XP level 15. HP: 121/123 MP: 24/24
 20269 | Lair:5   | Found a shattered altar of Ashenzari.
 20518 | Lair:6   | Entered Level 6 of the Lair of Beasts
 20874 | Lair:6   | Reached skill level 10 in Armour
 21048 | Lair:6   | Noticed Nessos
 21063 | Lair:6   | Killed Nessos
 21110 | Lair:6   | Found a staircase to the Slime Pits.
 21270 | Lair:6   | Reached skill level 10 in Shields
 21354 | Lair:6   | Reached skill level 10 in Polearms
 21382 | Lair:6   | Got a glittering tin ring
 21389 | Lair:6   | Identified the ring of Velam {+Fly rF+ rC+ rN+ MR+} (You found it on level 6 of the Lair of Beasts)
 22884 | Snake:1  | Entered Level 1 of the Snake Pit
 23586 | Snake:1  | Reached XP level 16. HP: 79/132 MP: 25/25
 24382 | Snake:2  | Noticed Vashnia
 24477 | Snake:2  | HP: 6/132 [naga ritualist/lance of force (14)]
 24477 | Snake:2  | HP: 1/132 [rock wall collision (5)]
 24716 | Snake:2  | Noticed a nagaraja
 25041 | Snake:2  | Killed a nagaraja
 25628 | Snake:2  | Noticed a nagaraja
 25644 | Snake:2  | Killed a nagaraja
 25986 | Snake:2  | Killed Vashnia
 26300 | Snake:3  | Found Porui's Gadget Shoppe.
 26340 | Snake:3  | Noticed a nagaraja
 26366 | Snake:3  | Killed a nagaraja
 27302 | Snake:3  | Reached XP level 17. HP: 111/136 MP: 26/26
 27511 | Snake:4  | Entered Level 4 of the Snake Pit
 27630 | Snake:4  | Noticed Kirke
 27940 | Snake:3  | Noticed a sphinx
 27976 | Snake:3  | Killed Kirke
 28664 | Snake:4  | Reached skill level 15 in Shields
 28853 | Snake:4  | Reached skill level 10 in Fighting
 29140 | Snake:4  | Reached skill level 11 in Fighting
 29841 | Snake:4  | Reached skill level 12 in Fighting
 29841 | Snake:4  | Reached XP level 18. HP: 154/154 MP: 27/27
 30353 | Snake:4  | Got a serpentine rune of Zot
 30969 | D:13     | Found a gate to the Vaults.
 31487 | D:14     | Noticed Rupert
 31518 | D:14     | Killed Rupert
 31518 | D:14     | Reached skill level 13 in Fighting
 31638 | D:14     | Noticed Agnes
 31668 | D:14     | Killed Agnes
 32038 | D:14     | Found an opulent altar of Gozag.
 32536 | D:15     | Entered Level 15 of the Dungeon
 32779 | D:15     | Found a blossoming altar of Fedhas.
 33089 | D:15     | Found a staircase to the Depths.
 33513 | D:14     | Noticed Josephine
 33529 | D:14     | Killed Josephine
 33529 | D:14     | Reached XP level 19. HP: 128/165 MP: 28/28
 33804 | Swamp:1  | Entered Level 1 of the Swamp
 33814 | Swamp:1  | Reached skill level 1 in Evocations
 34071 | Swamp:1  | Reached skill level 14 in Fighting
 34171 | Swamp:1  | Noticed Neveragain's ghost (journeyman MiBe)
 34288 | Swamp:1  | Killed Neveragain's ghost
 34301 | Swamp:1  | Got a flickering marble ring
 34303 | Swamp:1  | Identified the ring of the Eleven Stories {rCorr rC+} (You found it on level 1 of the Swamp)
 35980 | Swamp:4  | Entered Level 4 of the Swamp
 36009 | Swamp:4  | Reached skill level 5 in Evocations
 36579 | Swamp:4  | Noticed the 27-headed Lernaean hydra
 36966 | Swamp:3  | Killed the 27-headed Lernaean hydra
 37301 | Swamp:4  | Got a decaying rune of Zot
 37705 | Depths:1 | Entered Level 1 of the Depths
 37717 | D:15     | Reached skill level 15 in Fighting
 37937 | D:15     | Reached XP level 20. HP: 95/178 MP: 29/29
 38286 | Vaults:1 | Entered Level 1 of the Vaults
 39397 | Vaults:1 | Paralysed by a sphinx for 6 turns
 40025 | Vaults:1 | Found Diricva Qehi's Book Boutique.
 40207 | Vaults:1 | Reached skill level 16 in Fighting
 41897 | Vaults:2 | Reached XP level 21. HP: 189/189 MP: 30/30
 42373 | Vaults:3 | Reached skill level 15 in Armour
 42652 | Vaults:3 | Found Qail's Antique Armour Emporium.
 42697 | Vaults:3 | Bought a pair of embroidered gloves for 345 gold pieces
 42697 | Vaults:3 | Bought a glowing scarf for 368 gold pieces
 43048 | Vaults:3 | Reached skill level 17 in Fighting
 43180 | Vaults:3 | Found a staircase to the Crypt.
 45078 | Vaults:4 | Reached XP level 22. HP: 201/201 MP: 31/31
 45585 | Vaults:5 | Entered Level 5 of the Vaults
 45678 | Vaults:4 | Reached skill level 18 in Fighting
 45775 | Abyss:1  | Killed Joseph
 46526 | Abyss:1  | Paralysed by you for 5 turns
 46530 | Abyss:1  | Noticed a profane servitor
 46536 | Vaults:5 | Escaped the Abyss
 46866 | Depths:1 | Paralysed by a great orb of eyes for 6 turns
 46872 | Depths:1 | Noticed Chimkentus's ghost (adept SpEn)
 47196 | Depths:1 | Killed Chimkentus's ghost
 47502 | Depths:1 | Found Gubiokhlaniu's General Store.
 47510 | Depths:1 | Found Dimed's Antique Weapon Shop.
 47589 | Depths:1 | Found a gateway to Hell.
 48509 | Depths:2 | Noticed the Enchantress
 48610 | Depths:1 | Killed the Enchantress
 48612 | Depths:1 | Got faerie dragon scales
 48623 | Depths:1 | Identified the +8 faerie dragon scales {rCorr HP+8 Dex+3 Stlth+} (You took it off the Enchantress on level 1 of the Depths)
 48765 | Depths:2 | Found a gateway to a ziggurat.
 49207 | Depths:2 | Paralysed by you for 6 turns
 49265 | Depths:2 | Reached skill level 19 in Fighting
 49283 | Depths:2 | Paralysed by you for 6 turns
 49297 | Depths:2 | Paralysed by you for 2 turns
 49368 | Depths:2 | Paralysed by you for 5 turns
 49668 | Depths:2 | Reached XP level 23. HP: 132/213 MP: 20/32
 49677 | Depths:2 | Paralysed by you for 3 turns
 49761 | Depths:2 | Found a one-way gate to the infinite horrors of the Abyss.
 51737 | Depths:3 | Noticed a golden dragon
 51785 | Depths:3 | Killed a golden dragon
 52073 | Depths:3 | Found a one-way gate leading to the halls of Pandemonium.
 52325 | Depths:4 | Found the +7 lajatang of Order {silver, rMut}
 52353 | Depths:4 | Reached skill level 20 in Fighting
 52403 | Depths:4 | Noticed a golden dragon
 52476 | Depths:4 | Killed a golden dragon
 52956 | Depths:4 | Found a burning altar of Makhleb.
 53066 | Depths:4 | Found a burning altar of Makhleb.
 53067 | Depths:4 | Found the cursed +14 obsidian axe {chop, +Fly SInv *Curse}
 53638 | Depths:4 | Reached XP level 24. HP: 199/226 MP: 29/32
 54162 | Depths:4 | Reached skill level 21 in Fighting
 54583 | Depths:4 | Noticed a juggernaut
 54624 | Depths:4 | Killed a juggernaut
 54624 | Depths:4 | Reached skill level 1 in Stealth
 54798 | Depths:4 | Noticed a juggernaut
 54933 | Depths:4 | Killed a juggernaut
 54945 | Depths:4 | Found the +10 dark maul {crush}
 54947 | Depths:4 | Noticed a juggernaut
 54981 | Depths:4 | Killed a juggernaut
 55036 | Depths:4 | Noticed a juggernaut
 55070 | Depths:4 | Killed a juggernaut
 55070 | Depths:4 | Reached skill level 5 in Stealth
 55278 | Depths:5 | Entered Level 5 of the Depths
 55379 | Depths:5 | Found a sparkling altar of Nemelex Xobeh.
 55494 | Depths:5 | Found a gate to the Realm of Zot.
 55898 | Depths:5 | Noticed an ancient lich
 55987 | Depths:5 | HP: 9/231 [ancient lich/crystal spear (88)]
 56168 | Depths:5 | Corrupted Depths:5
 56172 | Depths:5 | Killed an ancient lich
 56365 | Depths:5 | Reached XP level 25. HP: 222/235 MP: 30/32
 56440 | Depths:5 | Reached skill level 22 in Fighting
 56566 | Depths:5 | Identified the Reference Book on Unholy Secrets
 56806 | Depths:5 | Found Xugem's Jewellery Emporium.
 56806 | Depths:5 | Found Puah's Gadget Boutique.
 56807 | Depths:5 | Found Dekytsuacs's Gadget Boutique.
 57878 | Slime:1  | Entered Level 1 of the Pits of Slime
 58688 | Elf:1    | Entered Level 1 of the Elven Halls
 58717 | Elf:1    | Found a radiant altar of Vehumet.
 59806 | Elf:1    | Reached skill level 5 in Dodging
 59884 | Elf:1    | Noticed Donald
 59910 | Elf:1    | Killed Donald
 60278 | Elf:2    | Reached skill level 10 in Stealth
 60586 | Elf:2    | Found a deep blue altar of Sif Muna.
 60790 | Elf:2    | Found a runed gate.
 60790 | Elf:2    | Found a runed gate.
 60791 | Elf:2    | Found a runed gate.
 61708 | Elf:3    | Entered Level 3 of the Elven Halls
 61910 | Elf:3    | Cast into level 3 of the Abyss (a deep elf sorcerer)
 61910 | Abyss:3  | Found a corrupted altar of Lugonu.
 62092 | Abyss:3  | Reached XP level 26. HP: 173/247 MP: 25/32
 62111 | Abyss:3  | Got an abyssal rune of Zot
 62252 | Elf:3    | Escaped the Abyss
 63053 | Elf:3    | Reached skill level 23 in Fighting
 63283 | Elf:3    | Got a crude glass ring
 63286 | Elf:3    | Identified the ring "Sustripp" {rF- rN+ Dex+4} (You took it off a deep elf annihilator on level 3 of the Elven Halls)
 63447 | Elf:3    | Identified Qinufok's Reference Book on the Birds
 68290 | Crypt:1  | Entered Level 1 of the Crypt
 69662 | Slime:3  | Reached XP level 27. HP: 243/254 MP: 30/32
 69800 | Slime:5  | Entered Level 5 of the Pits of Slime
 69907 | Slime:4  | Reached skill level 24 in Fighting
 70061 | Slime:5  | Noticed the Royal Jelly
 70660 | Slime:5  | Corrupted Slime:5
 70670 | Slime:5  | Killed the Royal Jelly
 70900 | Slime:5  | Found the +7 captain's cutlass {speed, disarm}
 70925 | Slime:5  | Paralysed by a floating eye for 3 turns
 71018 | Slime:5  | Got a slimy rune of Zot
 71117 | Slime:5  | Identified the Almanac of Unstable Air
 72122 | Vaults:2 | Identified a +9 quick blade of distortion (a +9 quick blade of piercing corrupted by Lugonu)
 72122 | Vaults:2 | Received a gift from Lugonu
 73132 | Temple   | Entered the Ecumenical Temple
 73142 | Temple   | Fell from the grace of Lugonu
 73142 | Temple   | Became a worshipper of Uskayaw the Reveler
 73480 | Vaults:5 | Reached * piety under Uskayaw
 73482 | Vaults:5 | Reached ** piety under Uskayaw
 73488 | Vaults:5 | Reached *** piety under Uskayaw
 73490 | Vaults:5 | Reached **** piety under Uskayaw
 73516 | Vaults:5 | Reached ***** piety under Uskayaw
 73610 | Vaults:5 | Reached ****** piety under Uskayaw
 73688 | Vaults:5 | Reached skill level 25 in Fighting
 73789 | Vaults:5 | Noticed an ancient lich
 73810 | Vaults:5 | Cast into level 5 of the Abyss (an ancient lich)
 73810 | Abyss:5  | Entered Level 5 of the Abyss
 73815 | Abyss:5  | Found a corrupted altar of Lugonu.
 74139 | Vaults:5 | Escaped the Abyss
 74160 | Vaults:5 | Killed an ancient lich
 74241 | Vaults:5 | Noticed an ancient lich
 74241 | Vaults:5 | Killed an ancient lich
 74481 | Vaults:5 | Noticed an ancient lich
 74489 | Vaults:5 | Reached skill level 1 in Spellcasting
 74500 | Vaults:5 | Killed an ancient lich
 74510 | Vaults:5 | Reached skill level 15 in Invocations
 74526 | Vaults:5 | Found Eson's Antique Weapon Boutique.
 74660 | Vaults:5 | Noticed an ancient lich
 74670 | Vaults:5 | Killed an ancient lich
 74671 | Vaults:5 | Noticed an ancient lich
 74673 | Vaults:5 | Reached skill level 15 in Stealth
 74682 | Vaults:5 | Killed an ancient lich
 74682 | Vaults:5 | Found Tozeifar's Antique Armour Shoppe.
 74857 | Vaults:5 | Bought the +2 cloak of the Thief {+Fog Slay-2 SInv Stlth+} for 984 gold pieces
 74857 | Vaults:5 | Found the +2 cloak of the Thief {+Fog Slay-2 SInv Stlth+}
 74869 | Vaults:5 | Found Virepiw's Magic Scroll Shoppe.
 74881 | Vaults:5 | Found Pim Em Gip's Jewellery Boutique.
 74921 | Vaults:5 | Found Noefuz's Magic Scroll Shoppe.
 74929 | Vaults:5 | Found Erielu Saeti's Magic Scroll Boutique.
 74978 | Vaults:5 | Got a silver rune of Zot
 74983 | Vaults:5 | Found Usiquitt's Magic Scroll Shop.
 75052 | Vaults:5 | Found Wysoch Goschy's General Store.
 75812 | Hell     | Entered the Vestibule of Hell
 75812 | Hell     | Noticed Geryon
 75847 | Hell     | Killed Geryon
 76050 | Hell     | Found a gateway to the freezing wastes of Cocytus.
 76478 | Hell     | Reached skill level 5 in Spellcasting
 76992 | Hell     | Found a gateway to the decaying netherworld of Tartarus.
 77179 | Hell     | Found a gateway to the ashen valley of Gehenna.
 77637 | Hell     | Found a gateway to the Iron City of Dis.
 79603 | Crypt:3  | Entered Level 3 of the Crypt
 79603 | Crypt:3  | Noticed Sojobo
 79611 | Crypt:3  | Killed Sojobo
 80438 | Crypt:3  | Found a staircase to the Tomb.
 80705 | Crypt:3  | Found the +4 dagger "Morg" {pain, MR+ Int+5}
 80705 | Crypt:3  | Noticed an ancient lich
 80730 | Crypt:3  | Killed an ancient lich
 81178 | Crypt:3  | Found an ancient bone altar of Kikubaaqudgha.
 81898 | Vaults:1 | Cast into level 5 of the Abyss (Lugonu's touch)
 81898 | Abyss:5  | Entered Level 5 of the Abyss
 81898 | Abyss:5  | Found a corrupted altar of Lugonu.
 82197 | Vaults:1 | Escaped the Abyss
 82204 | Vaults:1 | Paralysed by accursed screaming for 1 turns
 82218 | Vaults:1 | Paralysed by accursed screaming for 1 turns
 82509 | Geh:1    | Entered Level 1 of Gehenna
 83405 | Geh:1    | Cast into level 5 of the Abyss (Lugonu's touch)
 83405 | Abyss:5  | Entered Level 5 of the Abyss
 83608 | Geh:1    | Escaped the Abyss
 86151 | Geh:7    | Entered Level 7 of Gehenna
 86315 | Geh:7    | Cast into level 5 of the Abyss (Lugonu's touch)
 86315 | Abyss:5  | Entered Level 5 of the Abyss
 86879 | Geh:7    | Escaped the Abyss
 87365 | Geh:7    | Noticed Asmodeus
 88012 | Geh:7    | Identified a scroll of acquirement
 88035 | Geh:7    | Killed from afar by a Brimstone Fiend

Skill      XL: |  1  2  3  4  5  6  7  8  9 10 11 12 13 14 15 16 17 18 19 20 21 22 23 24 25 26 27 |
---------------+----------------------------------------------------------------------------------+-----
Short Blades   | 2 3 4 5 6 8 10 11 | 11.7
Invocations    | 1 3 6 8 12 14 22 | 22.9
Armour         | 3 5 7 9 11 12 13 14 15 17 18 | 18.0
Shields        | 3 4 5 7 9 10 13 15 16 17 18 19 20 21 22 23 | 23.0
Fighting       | 4 6 8 9 12 13 15 16 17 19 20 21 22 23 25 | 25.0
Dodging        | 2 3 6 7 9 |  9.0
Polearms       | 2 4 6 9 10 12 | 12.1
Evocations     | 5 7 |  7.0
Stealth        | 7 10 21 | 21.0
Spellcasting   | 8 |  8.0

Action                   |  1- 3 |  4- 6 |  7- 9 | 10-12 | 13-15 | 16-18 | 19-21 | 22-24 | 25-27 || total
-------------------------+-------+-------+-------+-------+-------+-------+-------+-------+-------++-------
Melee: Rapier            |   139 |   297 |   553 |   309 |       |       |       |       |       ||  1298
       Spear             |       |       |       |   802 |  2050 |  2962 |  3734 |  1334 |       || 10882
       Quick blade       |       |       |       |       |       |       |       |  3242 | 10134 || 13376
Throw: Stone             |       |       |       |     1 |       |     5 |     2 |       |       ||     8
Invok: Bend Space        |       |       |     2 |    14 |    10 |    20 |    10 |     5 |     2 ||    63
       Banish            |       |       |     1 |       |    10 |       |     1 |     3 |     2 ||    17
       Depart the Abyss  |       |       |       |       |       |       |       |     1 |       ||     1
       Enter the Abyss   |       |       |       |       |       |       |       |     1 |       ||     1
       Corrupt           |       |       |       |       |       |       |       |     1 |     1 ||     2
       Grand Finale      |       |       |       |       |       |       |       |       |    22 ||    22
       Stomp             |       |       |       |       |       |       |       |       |    12 ||    12
       Brand Weapon With |       |       |       |       |       |       |       |       |     1 ||     1
       Line Pass         |       |       |       |       |       |       |       |       |     1 ||     1
 Abil: Evoke Flight      |       |       |       |       |       |       |     7 |     9 |     1 ||    17
       Evoke Fog         |       |       |       |       |       |       |       |       |     2 ||     2
Evoke: Wand              |       |       |       |     3 |     1 |     2 |     6 |     9 |     4 ||    25
       Lamp of fire      |       |       |       |       |       |       |     1 |     1 |       ||     2
       Horn of Geryon    |       |       |       |       |       |       |       |       |     1 ||     1
  Use: Scroll            |       |       |    10 |    17 |     8 |    14 |     3 |     9 |    15 ||    76
       Potion            |       |       |       |       |       |     2 |       |     5 |     4 ||    11
 Stab: Invisible         |       |       |       |       |       |       |       |     3 |       ||     3
       Paralysed         |       |       |       |       |       |       |       |     1 |   317 ||   318
       Distracted        |       |       |       |       |       |       |       |       |     1 ||     1
  Eat: Chunk             |     7 |    11 |    24 |    77 |   131 |   152 |   159 |   166 |   238 ||   965
       Ration            |       |       |       |       |       |       |       |       |    12 ||    12
Armor: Scale mail        |    68 |    38 |   218 |   365 |       |       |       |       |       ||   689
       Chain mail        |       |    97 |     9 |       |       |       |       |       |       ||   106
       Gold dragon scale |       |       |       |   107 |  1085 |  1149 |  1291 |   989 |  1958 ||  6579
Dodge: Dodged            |    25 |    62 |   123 |   272 |   248 |   241 |   285 |   284 |   603 ||  2143
Block: Shield            |    66 |   108 |   215 |   433 |   815 |   804 |       |       |       ||  2441
       Large shield      |       |       |       |       |       |   704 |  2311 |  2347 |  4931 || 10293
